 Dungeon Crawl Stone Soup version 0.28.0-53-g5a82cb258f (webtiles) character file.

Game seed: 7278342267263894037

3723 buhh the Fighter (level 10, -12/89 HPs)
             Began as a Formicid Hunter on June 21, 2022.
             Was an Initiate of Hepliaklqana.
             Killed from afar by a gargoyle (17 damage)
             ... with a stone arrow
             ... on level 7 of the Dungeon.
             The game lasted 00:18:45 (12739 turns).

buhh the Fighter (Formicid Hunter)                 Turns: 12739, Time: 00:18:46

Health: -12/89     AC:  5    Str: 17    XL:     10   Next: 36%
Magic:  10/10      EV: 11    Int: 15    God:    Hepliaklqana [......]
Gold:   330        SH:  0    Dex: 11    Spells: 9/9 levels left

rFire   . . .      SeeInvis +   a - +1 hand crossbow
rCold   . . .      Faith    .   (no shield)
rNeg    . . .      Spirit   .   q - +0 leather armour
rPois   .          Reflect  .   (helmet unavailable)
rElec   .          Harm     .   i - +1 cloak
rCorr   .          Rampage  .   (no gloves)
Will    +....                   (no boots)
Stlth   ++........              (no amulet)
HPRegen 0.24/turn               (no ring)
MPRegen 0.12/turn               (no ring)

@: no status effects
A: permanent stasis, dig shafts and tunnels, antennae 3, four strong arms
a: Dig, Shaft Self, Renounce Religion


You were on level 7 of the Dungeon.
You worshipped Hepliaklqana.
Hepliaklqana was noncommittal.
You visited 2 branches of the dungeon, and saw 9 of its levels.
You also visited: Ossuary.

You collected 330 gold pieces.

Inventory:

Hand Weapons
 a - a +1 hand crossbow (weapon)
 b - a +0 dagger of venom
 j - a +0 short sword
Missiles
 d - 41 bolts (quivered ammo)
 m - 10 poisoned darts
 n - 6 atropa-tipped darts
Armour
 i - a +1 cloak (worn)
 q - a +0 leather armour (worn)
Magical Staves
 p - a staff of air
 A - a staff of cold
Jewellery
 r - a ring of protection from cold
Wands
 f - a wand of flame (7)
 s - a wand of charming (9)
 B - a wand of polymorph (12)
 F - a wand of iceblast (3)
Scrolls
 c - a scroll of blinking {!d}
 h - a scroll of noise
 k - 2 scrolls of vulnerability
 o - a scroll of silence {!r}
 t - a scroll of teleportation {!d}
 z - a scroll of magic mapping {unknown}
 Y - a scroll of holy word {!r!d}
Potions
 e - 2 potions of attraction
 l - 4 potions of lignification {!d}
 v - a potion of ambrosia {unknown}
 w - a potion of might {unknown}
 x - 2 potions of flight {unknown}
 J - 2 potions of magic {!q!d}


   Skills:
 + Level 11.7 Fighting
 - Level 10.0 Crossbows
 - Level 2.0 Dodging
 - Level 4.2 Stealth


You had 9 spell levels left.
You didn't know any spells.
Your spell library contained the following spells:

 Spells                   Type           Power      Damage    Failure   Level
 Sublimation of Blood     Necr           0%         N/A       45%         2
 Summon Guardian Golem    Hex/Summ       0%         N/A       69%         3
 Petrify                  Tmut/Erth      0%         N/A       97%         4
 Irradiate                Conj/Tmut      0%         3d13      100%        5
 Orb of Destruction       Conj           0%         9d5       100%        7
 Spellforged Servitor     Conj/Summ      0%         N/A       100%        7


Dungeon Overview and Level Annotations

Branches:
Dungeon (8/15)             Temple (1/1) D:7         Ossuary (visited)
   Lair: D:8-11

Altars:
Cheibriados
Gozag
Hepliaklqana
Kikubaaqudgha
Okawaru
Qazlal
Ru
Sif Muna
Wu Jian

Annotations:
D:5 3 runed translucent doors, Tiocfaidh's ghost, amateur DgFE
D:7 exclusion: lemure


Innate Abilities, Weirdness & Mutations

You cannot be hasted, slowed, berserked, paralysed or teleported.
You can dig through walls and to a lower floor.
You have a pair of large antennae on your head. (SInv)
Your four strong arms can wield two-handed weapons with a shield.


Message History

The gargoyle is lightly damaged.
You shoot a bolt.
The bolt hits the gargoyle but does no damage.
The gargoyle is lightly damaged.
You shoot a bolt. The bolt hits the gargoyle.
The gargoyle is moderately damaged.
The gargoyle hurls a stone arrow at you.
The stone arrow misses you.
You shoot a bolt.
The bolt hits the gargoyle but does no damage.
The gargoyle is moderately damaged.
The gargoyle hurls a stone arrow at you.
The stone arrow misses you.
You shoot a bolt.
The bolt hits the gargoyle but does no damage.
The gargoyle is moderately damaged.
The gargoyle hits you with a +0 morningstar!!
You are too injured to fight recklessly!
You are too injured to fight recklessly!
The gargoyle hurls a stone arrow at you.
The stone arrow hits you!
The gargoyle hurls a stone arrow at you.
The stone arrow hits you!!
* * * LOW HITPOINT WARNING * * *
As you read the scroll labelled MUXTEU NARED, it crumbles to dust.
You assume a fearsome visage.
The gargoyle is unaffected.
It was a scroll of fear.
As you read the scroll labelled MYAHUTHREXKUETZ, it crumbles to dust.
It is a scroll of enchant armour.
Your +0 cloak glows green for a moment.
Really read
Y - a scroll of holy word {!r!d}?
You can't see any enemies this would affect, really read the scroll of holy word?
Okay, then.
Unknown command.
As you read the scroll labelled JUETEGRAPRU, it crumbles to dust.
The scroll dissolves into smoke.
It was a scroll of fog.
The gargoyle closely misses you.
The gargoyle hurls a stone arrow at you.
The stone arrow hits you!
You die...

#.#.# #......# #.#.#
#......# .(...
###.#.#####......#
.....
#.........'......#
##(.... {
##..#######......#
.(..... { #..# ####.###
#.(......{ { #..# #.#
#(.^.... #..#
######§#####(......
#..#
#>...§@§9§§........
#..#
#.####§#####..#.###
#..#
#.####.#####..#.#######
#..#
#......................
#..#
#......................
#..#
#......................
#..#
#......................
#..#
#......................
#..#
#......................


You could see a gargoyle.

Vanquished Creatures
  A hornet (D:8)
  Grum (D:8)
  2 wyverns
  A water moccasin (D:6)
  An orc warrior (D:8)
  A hornet zombie (D:6)
  3 wolves (D:8)
  4 ogres
  A phantom (D:7)
  Blork the orc (D:4)
  An elf zombie (Ossuary)
  A kobold brigand (D:8)
  4 scorpions
  2 bullfrogs
  A wyvern zombie (D:8)
  A gnoll sergeant (D:8)
  A wyvern skeleton (D:7)
  2 water moccasin skeletons (D:5)
  5 centaur zombies
  2 hounds
  3 jellies
  4 orc priests
  2 bullfrog skeletons (D:7)
  A centaur skeleton (D:7)
  2 gnoll shamans
  Ijyb (D:3)
  Terence (D:2)
  5 iguanas
  A scorpion zombie (D:5)
  5 orc wizards
  A hound skeleton (D:5)
  2 mummies (Ossuary)
  13 gnolls
  10 adders
  A white imp (D:5)
  An adder zombie (Ossuary)
  3 worms (D:2)
  4 dart slugs
  27 orcs
  7 ball pythons
  6 bats
  9 endoplasms
  A giant cockroach (D:2)
  9 goblins
  8 hobgoblins
  3 quokkas
  A frilled lizard (D:1)
  8 hobgoblin zombies (Ossuary)
  10 kobolds
  11 kobold zombies (Ossuary)
  10 orc zombies (Ossuary)
  2 quokka zombies (D:6)
  8 rats
  A rat zombie (Ossuary)
217 creatures vanquished.

Vanquished Creatures (others)
  2 fungi
  2 withered plants (D:7)
4 creatures vanquished.

Grand Total: 221 creatures vanquished

Notes
Turn   | Place    | Note
-------+----------+-------------------------------------------
     0 | D:1      | buhh the Formicid Hunter began the quest for the Orb.
     0 | D:1      | Reached XP level 1. HP: 16/16 MP: 1/1
   420 | D:1      | Reached XP level 2. HP: 23/23 MP: 2/2
   722 | D:1      | Reached XP level 3. HP: 18/28 MP: 3/3
  1744 | D:2      | Reached skill level 3 in Fighting
  1949 | D:2      | Reached XP level 4. HP: 22/35 MP: 4/4
  2205 | D:2      | Found a stormy altar of Qazlal.
  2254 | D:2      | Noticed Terence
  2772 | D:2      | Killed Terence
  3089 | D:2      | Reached XP level 5. HP: 41/41 MP: 5/5
  3983 | D:3      | Noticed an ice beast
  4360 | D:4      | Noticed an ogre
  5070 | D:3      | Noticed Ijyb
  5084 | D:3      | Killed Ijyb
  5085 | D:3      | Reached XP level 6. HP: 17/48 MP: 6/6
  5301 | D:3      | Found a faded altar of an unknown god.
  5582 | D:4      | Reached skill level 4 in Fighting
  5984 | D:4      | Killed an ogre
  5985 | D:4      | Reached skill level 5 in Fighting
  5985 | D:4      | Reached XP level 7. HP: 56/56 MP: 7/7
  6073 | D:4      | Noticed Blork the orc
  6080 | D:4      | Killed Blork the orc
  6236 | D:4      | Found a shimmering blue altar of Sif Muna.
  6597 | D:5      | Entered Level 5 of the Dungeon
  6640 | D:5      | Reached skill level 6 in Fighting
  6695 | D:5      | Reached XP level 8. HP: 31/64 MP: 8/8
  7580 | D:5      | Found a runed translucent door.
  7587 | D:5      | Noticed Tiocfaidh's ghost (amateur DgFE)
  7683 | D:5      | Reached skill level 7 in Fighting
  7772 | D:5      | Found a large runed translucent door.
  7772 | D:5      | Found a large runed translucent door.
  8037 | D:6      | Found a sand-covered staircase.
  8069 | Ossuary  | Entered an ossuary
  8808 | D:6      | Reached skill level 8 in Fighting
  8808 | D:6      | Reached XP level 9. HP: 74/74 MP: 9/9
  9347 | D:6      | Noticed a two-headed ogre
  9664 | D:6      | Reached skill level 9 in Fighting
 10585 | D:7      | Found an ancient bone altar of Kikubaaqudgha.
 10723 | D:7      | Found a staircase to the Ecumenical Temple.
 10798 | Temple   | Entered the Ecumenical Temple
 10806 | Temple   | Became a worshipper of Hepliaklqana the Forgotten
 11056 | D:7      | Noticed a gargoyle
 11150 | D:8      | Noticed Grum
 11162 | D:8      | Killed Grum
 11163 | D:8      | Reached skill level 10 in Fighting
 11163 | D:8      | Reached XP level 10. HP: 46/85 MP: 10/10
 11929 | D:8      | Reached skill level 11 in Fighting
 12733 | D:7      | HP: 3/89 [gargoyle/stone arrow (24)]
 12739 | D:7      | Killed from afar by a gargoyle

Illustrated notes

Levels and vault maps discovered:
D:1:      dpeg_cavernosity, layout_basic, serial_forest,
          infiniplex_forest_clump_diagonal, infiniplex_forest_end_1,
          infiniplex_forest_lined_3, infiniplex_forest_end_3,
          infiniplex_forest_end_double, infiniplex_forest_clump_double,
          infiniplex_forest_lined_room_2, infiniplex_forest_zigzag_2
D:2:      layout_loops_ring, basic_altar, uniq_terence
D:3:      layout_basic, shapermc_ecumenical_altar_mp_vishouse, uniq_ijyb
D:4:      layout_rooms, kennysheep_mini_moat, uniq_blork_the_orc
D:5:      layout_basic, jmf_multi_god_temple2, ebering_ghost_sewer_d,
          uniq_duvessa
D:6:      layout_gridville, enter_ossuary_4
D:7:      layout_basic, kiku_gazebo_garden_becter,
          minmay_temple_entry_butterflies, uniq_harold, uniq_crazy_yiuf_cottage,
          uniq_pikel
D:8:      layout_basic, uniq_grum
Temple:   eino_temple_rhombus

Skill      XL: |  1  2  3  4  5  6  7  8  9 10 |
---------------+-------------------------------+-----
Dodging        | 2 |  2.0
Stealth        | 2 3 4 |  4.2
Fighting       | 3 5 6 8 10 11 | 11.7
Crossbows      | 5 6 8 9 10 | 10.0

Action                   |  1- 3 |  4- 6 |  7- 9 | 10-12 || total
-------------------------+-------+-------+-------+-------++-------
Melee: Short sword       |    84 |       |       |       ||    84
       Dagger            |    32 |   133 |   131 |     5 ||   301
       Punch             |     1 |     1 |     2 |       ||     4
 Fire: Hand crossbow     |       |    37 |   293 |    81 ||   411
Throw: Dart              |    17 |    20 |     5 |       ||    42
Evoke: Wand              |       |       |     3 |     1 ||     4
  Use: Potion            |       |     2 |     1 |     4 ||     7
       Scroll            |       |     5 |     3 |     3 ||    11
 Stab: Sleeping          |       |     5 |     3 |       ||     8
Armor: Leather armour    |    35 |    50 |   103 |     7 ||   195
       Skin              |       |       |       |     6 ||     6
Dodge: Dodged            |    54 |   105 |   191 |    26 ||   376
